 Dungeon Crawl Stone Soup version 0.25-a0-591-g2ad0d861f1 (webtiles) character file.

Game seed: 1097364752190624301, levelgen mode: deterministic

67 Esekla the Ducker (level 4, -2/21 HPs)
             Began as a Spriggan Artificer on Mar 13, 2020.
             Slain by a centaur (7 damage)
             ... on level 2 of the Dungeon.
             The game lasted 00:07:49 (2311 turns).

Esekla the Ducker (Spriggan Artificer)              Turns: 2311, Time: 00:07:50

Health: -2/21      AC:  2    Str:  8    XL:     4   Next: 0%
Magic:  8/8        EV: 19    Int: 13    God:
Gold:   120        SH:  0    Dex: 16    Spells: 6/6 levels left

rFire    . . .     SeeInvis +   a - +0 short sword
rCold    . . .     Gourm    .   (shield restricted)
rNeg     . . .     Faith    .   b - +0 robe
rPois    .         Spirit   .   (helmet restricted)
rElec    .         Reflect  .   (no cloak)
rCorr    .         Harm     .   (gloves unavailable)
MR       +....                  (boots unavailable)
Stlth    ++........             (no amulet)
HPRegen  0.07/turn              i - ring of protection from magic
MPRegen  0.11/turn              (no ring)

@: very quick
A: very small, unfitting armour, see invisible, herbivore, speed 3, slow
metabolism 2
a: no special abilities


You were on level 2 of the Dungeon.
You were not hungry.

You visited 1 branch of the dungeon, and saw 2 of its levels.

You collected 120 gold pieces.

Inventory:

Hand Weapons
 a - a +0 short sword (weapon)
Armour
 b - a +0 robe (worn)
Jewellery
 i - a ring of protection from magic (left hand)
Wands
 c - a wand of flame (15)
 d - a wand of enslavement (15)
 e - a wand of random effects (15)
Scrolls
 g - a scroll of remove curse {unknown}
 k - a scroll of amnesia {unknown}
 l - a scroll of identify {unknown}
Comestibles
 f - 4 rations


   Skills:
 - Level 0.7 Fighting
 * Level 2.6 Short Blades
 * Level 4.2 Dodging
 + Level 2.6 Stealth
 * Level 1.7 Spellcasting
 - Level 4.0 Evocations


You had 6 spell levels left.
You didn't know any spells.
Your spell library was empty.

Dungeon Overview and Level Annotations

Branches:
Dungeon (2/15)

Altars:
Cheibriados
Dithmenos
The Shining One

Annotations:
D:2 Natasha


Innate Abilities, Weirdness & Mutations

You are very small and have problems with some larger weapons.
You are too small for most types of armour.
You have supernaturally acute eyesight. (SInv)
You are a herbivore.
You cover ground extremely quickly.
You need to consume almost no food.


Message History

The centaur misses you. The centaur closely misses you.
You hit the centaur.
The centaur is severely wounded.
The centaur completely misses you.
You hit the centaur.
The centaur is severely wounded.
The centaur closely misses you. The centaur misses you.
You barely miss the centaur.
The centaur is severely wounded.
The centaur completely misses you.
You hit the centaur but do no damage.
The centaur is severely wounded.
The centaur closely misses you. The centaur misses you.
You hit the centaur.
The centaur is almost dead.
The centaur misses you.
You barely miss the centaur.
The centaur is almost dead.
The centaur hits you!
You die...

### ..# .. ..# #.#
..# ...# ..# #...
..# #####+####...
..# #.........#
..#### #.........#
.....# #.......@c#
.....# #.##.##...#
....[# ##...##..+
P....#####.....##.#
.♣P.....#.......#.#
♣PP..##..†.._.....#
♣♣PPP####.......#.#
♣PP..# ##.....####
P..P.# ##...##


You could see a centaur.

Vanquished Creatures
  Natasha (D:2)
  An adder (D:2)
  A dart slug (D:2)
  5 bats (D:1)
  A giant cockroach (D:1)
  9 goblins
  3 hobgoblins (D:1)
  5 frilled lizards
  3 kobolds (D:1)
  4 rats
33 creatures vanquished.

Notes
Turn   | Place    | Note
-------+----------+-------------------------------------------
     0 | D:1      | Esekla the Spriggan Artificer began the quest for the Orb.
     0 | D:1      | Reached XP level 1. HP: 9/9 MP: 4/4
    52 | D:1      | Reached skill level 1 in Spellcasting
   246 | D:1      | Reached XP level 2. HP: 14/14 MP: 6/6
   267 | D:1      | Found a glowing golden altar of the Shining One.
   983 | D:2      | Noticed Natasha
  1007 | D:2      | Reached XP level 3. HP: 13/17 MP: 7/7
  1834 | D:2      | Found a snail-covered altar of Cheibriados.
  1873 | D:2      | Killed Natasha
  1901 | D:2      | Noticed Natasha
  2241 | D:2      | Found a shadowy altar of Dithmenos.
  2252 | D:2      | Reached XP level 4. HP: 21/21 MP: 8/8
  2291 | D:2      | Noticed a centaur
  2311 | D:2      | Slain by a centaur

Levels and vault maps discovered:
D:1:      mushboom_english_gardens, layout_loops_cross, tso_metal_star
D:2:      layout_basic, cheibriados_altar_1, lemuel_round_altar, first_ration,
          serial_forest, infiniplex_forest_clump_long,
          infiniplex_forest_lined_3_way, infiniplex_forest_clump_C,
          infiniplex_forest_end_3, infiniplex_forest_end_2,
          infiniplex_forest_clump_small, infiniplex_forest_end_1,
          kennysheep_cross_room, uniq_natasha

Skill      XL: |  1  2  3 |
---------------+----------+-----
Spellcasting   | 1 |  1.7
Stealth        | 2 |  2.6
Short Blades   | 2 |  2.6
Dodging        | 4 |  4.2
Fighting       | |  0.7
Evocations     | |  4.0

Action                   |  1- 3 |  4- 6 || total
-------------------------+-------+-------++-------
Melee: Short sword       |   122 |    16 ||   138
  Use: Potion            |     2 |       ||     2
 Stab: Sleeping          |     8 |     1 ||     9
       Invisible         |     1 |       ||     1
Armor: Robe              |     9 |       ||     9
Dodge: Dodged            |    84 |    18 ||   102

Table legend:
 A = Non-vault XP
 B = Vault XP
 C = Vault XP percentage of total XP
 D = Non-vault monster count
 E = Vault monster count
 F = Vault count percentage of total count
                 A         B        C        D         E       F
            +---------+---------+-------+---------+---------+-------
      Total |      62 |      35 |  36.1 |      32 |       1 |   3.0
            +---------+---------+-------+---------+---------+-------
        D:1 |      33 |       0 |   0.0 |      22 |       0 |   0.0
        D:2 |      29 |      35 |  54.7 |      10 |       1 |   9.1
            +---------+---------+-------+---------+---------+-------
